 Dungeon Crawl Stone Soup version 0.29-a0-322-g68df515428 (webtiles) character file.

Game seed: 6017413508818876734

590 Murumi the Skirmisher (level 7, -5/79 HPs)
             Began as an Ogre Chaos Knight on Apr 8, 2022.
             Was a Plaything of Xom.
             Slain by an unseen horror (6 damage)
             ... on level 5 of the Dungeon.
             The game lasted 00:16:53 (5348 turns).

Murumi the Skirmisher (Ogre Chaos Knight)           Turns: 5348, Time: 00:16:54

Health: -5/79      AC:  5    Str: 18 (19) XL:     7   Next: 38%
Magic:  7/7        EV: 10    Int: 12 (13) God:    Xom [...*..]
Gold:   211        SH:  5    Dex:  6 (8)  Spells: 6/6 levels left

rFire   . . .      SeeInvis .   a - +1 mace (chaos)
rCold   . . .      Faith    .   (no shield)
rNeg    + . .      Spirit   .   b - +2 robe
rPois   .          Reflect  +   (helmet restricted)
rElec   .          Harm     .   (no cloak)
rCorr   .          Rampage  .   (gloves unavailable)
Will    .....      Rage     1%  (boots unavailable)
Stlth   +.........              i - amulet of reflection
HPRegen 0.23/turn               q - ring of positive energy
MPRegen 0.10/turn               (no ring)

@: hasted, very quick
A: large, unfitting armour, tough skin 1, berserk 1, deterioration 2
a: Renounce Religion


You were on level 5 of the Dungeon.
You worshipped Xom.
You were a favourite toy of Xom.
You visited 1 branch of the dungeon, and saw 5 of its levels.

You collected 211 gold pieces.

Inventory:

Hand Weapons
 a - a +1 mace of chaos (weapon)
Missiles
 d - 4 boomerangs
 n - 25 stones (quivered)
 o - 6 javelins
Armour
 b - a +2 robe (worn)
Jewellery
 i - an amulet of reflection (around neck)
 q - a ring of positive energy (left hand)
Wands
 m - a wand of paralysis (6)
Scrolls
 p - 3 scrolls of magic mapping
Potions
 g - a potion of resistance
 h - a potion of attraction
 l - a potion of brilliance
Miscellaneous
 c - a piece from Xom's chessboard (9/15)


   Skills:
 + Level 7.8 Fighting
 - Level 3.0 Maces & Flails
 - Level 4.0 Throwing
 - Level 1.0 Armour
 - Level 3.0 Dodging
 - Level 1.0 Stealth
 - Level 1.0 Evocations


You had 6 spell levels left.
You didn't know any spells.
Your spell library contained the following spells:

 Spells                   Type           Power      Damage    Failure   Level
 Ensorcelled Hibernation  Hex/Ice        0%         N/A       45%         2
 Passwall                 Tmut/Erth      0%         N/A       45%         2
 Static Discharge         Conj/Air       0%         N/A       45%         2
 Swiftness                Air            0%         N/A       69%         3
 Dispel Undead            Necr           0%         3d6       97%         4
 Sticky Flame             Conj/Fire      0%         2d3       97%         4


Dungeon Overview and Level Annotations

Branches:
Dungeon (5/15)             Temple (0/1) D:4

Altars:
Dithmenos
Trog
Uskayaw
Zin

Shops:
D:5 ((


Innate Abilities, Weirdness & Mutations

You are too large for most types of armour.
You have tough skin. (AC +1)
You tend to lose your temper in combat.
Your body often deteriorates upon taking damage.


Message History

Something hits your ufetubus.
You feel your strength returning. Something hits you.
Your ufetubus closely misses something.
Your ufetubus barely misses something.
Something hits the bush.
Something hits your ufetubus.
Your ufetubus dies!
Your ufetubus disappears in a puff of smoke!
Something hits the bush but does no damage.
You closely miss something. Something hits you.
* * * LOW HITPOINT WARNING * * *
Something hits you.
* * * LOW HITPOINT WARNING * * *
Something hits you.
* * * LOW HITPOINT WARNING * * *
Unknown command.
You feel yourself speed up. Something hits you.
* * * LOW HITPOINT WARNING * * *
Something hits you!
* * * LOW HITPOINT WARNING * * *
Unknown command.
You feel better.
Something hits you but does no damage. x2
You closely miss something. Something hits you.
* * * LOW HITPOINT WARNING * * *
Okay, then.
Something hits you.
* * * LOW HITPOINT WARNING * * *
You completely miss something.
Something hits you but does no damage. x2
Something hits the bush but does no damage.
You thump something! You freeze something.
Something hits you but does no damage.
Something hits the bush but does no damage.
Something hits the bush.
Something hits you.
* * * LOW HITPOINT WARNING * * *
You feel better. Something hits you!
* * * LOW HITPOINT WARNING * * *
You closely miss something. Something hits you.
* * * LOW HITPOINT WARNING * * *
Something hits the bush but does no damage. x2
Something hits you.
You die...

#.......##.#
#..........#### ..8...#
#.............# ♣...♣.#
####.....######## .....#
#...).)...#########P.P#
#..............<.##≈.≈##
#..)......####.###≈≈.≈≈###
## #.........#
#.#P≈≈≈(≈≈≈P###.
#........∩#
#.@{{.).......#.###
#.........#
###P≈≈≈.≈≈≈P#.....J
#.........#
###≈≈.≈≈###......
###########
##≈.≈##........ #P.P#
#..... ##.## #..... .#
#.#### ..


There were no monsters in sight!

Vanquished Creatures
  An orc warrior (D:4)
  A phantom (D:4)
  A scorpion (D:4)
  A hound (D:5)
  3 jellies
  An iguana (D:4)
  3 orc wizards
  3 gnolls (D:5)
  4 adders
  A dart slug (D:1)
  10 orcs
  7 endoplasms
  5 giant cockroaches
  6 goblins
  8 hobgoblins
  A quokka (D:1)
  7 ball pythons
  4 bats
  3 frilled lizards
  6 kobolds
  6 rats
82 creatures vanquished.

Vanquished Creatures (collateral kills)
  An orc (D:5)
1 creature vanquished.

Vanquished Creatures (others)
  3 orcs (D:3)
  A bush (D:3)
  23 plants (D:2)
27 creatures vanquished.

Grand Total: 110 creatures vanquished

Notes
Turn   | Place    | Note
-------+----------+-------------------------------------------
     0 | D:1      | Murumi the Ogre Chaos Knight began the quest for the Orb.
     0 | D:1      | Reached XP level 1. HP: 24/24 MP: 1/1
    76 | D:1      | XOM: silly message
    79 | D:1      | XOM: silly message
   109 | D:1      | Reached XP level 2. HP: 32/32 MP: 2/2
   216 | D:1      | XOM: silly message
   985 | D:2      | Reached XP level 3. HP: 39/39 MP: 3/3
  1054 | D:2      | XOM: 3-stop teleportation journey
  1063 | D:2      | Reached skill level 1 in Throwing
  1078 | D:2      | XOM: give mutation
  1078 | D:2      | Gained mutation: Armour fits poorly on your strangely
                  | shaped body. [Xom's mischief]
  1241 | D:2      | XOM: give mutation
  1241 | D:2      | Gained mutation: You have hidden genetic defects. [Xom's
                  | mischief]
  1320 | D:2      | XOM: smoke on damage
  1326 | D:2      | Reached XP level 4. HP: 19/48 MP: 4/4
  1327 | D:2      | Gained mutation: Your body sometimes deteriorates upon
                  | taking damage. [hidden defects]
  1535 | D:2      | XOM: cloud trail
  1811 | D:2      | XOM is BORED!
  2255 | D:3      | Noticed an angel
  2256 | D:3      | Found a glowing silver altar of Zin.
  2386 | D:3      | Reached skill level 1 in Armour
  2434 | D:3      | Found a faded altar of an unknown god.
  2461 | D:3      | XOM: give mutation
  2461 | D:3      | Lost mutation: Armour fits poorly on your strangely shaped
                  | body. [Xom's mischief]
  2499 | D:3      | XOM: give mutations
  2499 | D:3      | Gained mutation: Your body often deteriorates upon taking
                  | damage. [Xom's mischief]
  2499 | D:3      | Gained mutation: You tend to lose your temper in combat.
                  | [Xom's mischief]
  2499 | D:3      | Gained mutation: You are weak. (Str -2) [Xom's mischief]
  2671 | D:3      | XOM: noise
  2768 | D:3      | XOM: noise
  2769 | D:3      | XOM: destruction
  2772 | D:3      | XOM: cloud trail
  2780 | D:3      | XOM: scenery: summon butterflies
  2781 | D:3      | Gained mutation: Your magical capacity is low. (-10% MP)
                  | [hidden defects]
  2781 | D:3      | Lost mutation: You have hidden genetic defects. [hidden
                  | defects expressed]
  3109 | D:3      | Reached skill level 1 in Evocations
  3211 | D:4      | Reached skill level 1 in Stealth
  3211 | D:4      | Reached XP level 5. HP: 53/54 MP: 4/4
  3271 | D:4      | Found a staircase to the Ecumenical Temple.
  3275 | D:4      | XOM: potion effect (berserk rage)
  3280 | D:4      | Reached skill level 5 in Fighting
  3300 | D:4      | XOM: 1-stop teleportation journey
  3400 | D:4      | Reached XP level 6. HP: 56/66 MP: 5/5
  3470 | D:4      | Reached skill level 6 in Fighting
  3575 | D:4      | Found a shadowy altar of Dithmenos.
  3575 | D:4      | Found a hide-covered altar of Uskayaw.
  3575 | D:4      | Found a bloodstained altar of Trog.
  3575 | D:4      | XOM: 3-stop teleportation journey
  3662 | D:4      | XOM: give mutations
  3662 | D:4      | Lost mutation: You are weak. (Str -2) [Xom's mischief]
  3662 | D:4      | Lost mutation: Your magical capacity is low. (-10% MP)
                  | [Xom's mischief]
  3884 | D:4      | XOM: noise
  3884 | D:4      | Noticed an orc warrior
  3885 | D:4      | XOM: stat loss: -1 Dex (7/8)
  3911 | D:4      | Killed an orc warrior
  3912 | D:4      | Reached XP level 7. HP: 14/76 MP: 7/7
  3912 | D:4      | XOM: summons 4 hostile shadow creatures
  4457 | D:5      | Entered Level 5 of the Dungeon
  4472 | D:4      | XOM: summons 4 hostile shadow creatures
  4635 | D:4      | XOM: god gift: 16 gold pieces
  4691 | D:5      | Found Muudwuxop's Antique Weapon Shoppe.
  4726 | D:5      | XOM: fog
  4752 | D:5      | Reached skill level 7 in Fighting
  4911 | D:5      | XOM: noise
  4953 | D:5      | Identified the ring "Soopnux" {rF+ rN+ rCorr SInv Stlth+}
  4953 | D:5      | Found Xetuff's Weapon Boutique.
  4953 | D:5      | XOM: 4-stop teleportation journey
  5034 | D:5      | XOM: cloud trail
  5329 | D:5      | XOM: summons friendly ufetubus
  5341 | D:5      | HP: 2/79 [something (7)]
  5348 | D:5      | HP: 1/79 [something (3)]
  5348 | D:5      | Slain by an unseen horror

Illustrated notes

Levels and vault maps discovered:
D:1:      erik_arrival_blinker_ship, layout_loops_ring, dk_noncrumbling_4
D:2:      layout_basic, serial_bayou, serial_bayou_shore_a,
          serial_bayou_lagoon_a, serial_bayou_ford_a, serial_bayou_lagoon_b,
          st_stairs_7, chequers_serial_rivers_large_a
D:3:      layout_loops_ring, zin_angel, chequers_ecumenical_altar_twisty,
          eino_curves_01, chequers_serial_rivers_micro_c, grunt_ministairs_13,
          kennysheep_cluttered_room, dreamdust_princess_corridor
D:4:      layout_rooms, grunt_temple_overflow_open, minmay_temple_entry_ruins,
          hangedman_decor_diamond_cutter
D:5:      layout_rooms, serial_shops, nicolae_square_shop, shop,
          dreamdust_princess_bridge, hangedman_glass_teeth, uniq_duvessa

Skill      XL: |  1  2  3  4  5  6  7 |
---------------+----------------------+-----
Maces & Flails | 3 |  3.0
Dodging        | 3 |  3.0
Throwing       | 2 3 4 |  4.0
Armour         | 1 |  1.0
Evocations     | 1 |  1.0
Stealth        | 1 |  1.0
Fighting       | 5 6 7 |  7.8

Action                   |  1- 3 |  4- 6 |  7- 9 || total
-------------------------+-------+-------+-------++-------
Melee: Mace              |   108 |    91 |    88 ||   287
       Punch             |       |     1 |     1 ||     2
Throw: Stone             |    23 |    76 |     7 ||   106
Evoke: Piece from Xom's  |     1 |     8 |       ||     9
       Wand              |       |     2 |       ||     2
  Use: Scroll            |     4 |     5 |     2 ||    11
       Potion            |       |       |     6 ||     6
 Stab: Sleeping          |     1 |     2 |       ||     3
       Paralysed         |       |     7 |       ||     7
Armor: Robe              |    46 |    15 |    50 ||   111
       Skin              |       |       |    31 ||    31
Dodge: Dodged            |    51 |    35 |    44 ||   130
Block: Other             |    18 |    16 |    42 ||    76
       Reflection        |       |     3 |     1 ||     4

Table legend: (Time is in decaauts)
 A = Elapsed time spent in this place.
 B = Non-inter-level travel time spent in this place.
 C = Inter-level travel time spent in this place.
 D = Time resting spent in this place.
 E = Time spent auto-exploring this place.
 F = Levels seen in this place.
 G = Mean time per level.
                   A        B        C        D        E       F      G
               +--------+--------+--------+--------+--------+-----+--------+
         Total |   5539 |   5155 |    384 |      7 |   4314 |   5 | 1107.8 |
       Dungeon |   5539 |   5155 |    384 |      7 |   4314 |   5 | 1107.8 |
               +--------+--------+--------+--------+--------+-----+--------+

Top non-repeatable levels by time:
     D:4: 1473 daAuts
     D:2: 1449 daAuts
     D:3: 1034 daAuts
     D:1: 899 daAuts
     D:5: 683 daAuts
